Lightning vs Sabres

Created - 12 octobre 2020 at 20:08

Simulating a Pre-Season

Goals
1 2 3 T
Lightning 1 1 1 3
Sabres 0 0 1 1
Shots
1 2 3 T
Lightning 11 13 14 38
Sabres 10 4 11 25

1st period

1. Lightning , Erik Gudbranson 1 (Patrice Bergeron 2) at 9:51

Penalties :
Nic Dowd (BUF) for Hooking (Minor) at 6:34, Travis Zajac (TBL) for Tripping (Minor) at 17:06

2nd period

2. Lightning , Erik Gudbranson 2 (Jason Demers 2, Logan Couture 2) at 2:31 (PP)

Penalties :
Luke Glendening (BUF) for Tripping (Minor) at 2:25, Rasmus Dahlin (BUF) for Hooking (Minor) at 9:08, Jeff Carter (TBL) for Tripping (Minor) at 17:20, Luke Glendening (BUF) for Goalie Interference (Minor) at 19:40

3rd period

3. Lightning , Alex Killorn 2 (Kevin Shattenkirk 1) at 3:35 (SH)
4. Sabres , Erik Gustafsson 1 (Ryan Nugent-Hopkins 6, Kris Letang 8) at 3:51 (PP)

Penalties :
Luca Sbisa (TBL) for Hooking (Minor) at 2:08, Jeff Carter (TBL) for Roughing (Minor) at 19:35

Goalie Stats

Elvis Merzlikins (TBL), 24 saves from 25 shots - (0,960), W, 3-1-0, 60:00 minutes
Matt Murray (BUF), 35 saves from 38 shots - (0,921), L, 3-1-1, 60:00 minutes

Players Stats for Lightning

Player Name              G  A  P  +/- PIM S  H  SB GA TA FO     MP     PP MP  PK MP  
------------------------------------------------------------------------------------
Alex Killorn             1  0  1   1  0   5  0  0  0  0  0/0    17:51   2:47   3:28 
Alexander Edler          0  0  0   1  0   0  4  3  0  0  0/0    23:51   3:18   3:13 
Bo Horvat                0  0  0   0  0   6  1  0  0  0  10/25  15:21   3:16   0:00 
Erik Gudbranson          2  0  2   1  0   4  2  2  0  0  0/0    20:51   2:45   2:52 
Frederik Gauthier        0  0  0   0  0   1  0  0  0  0  5/12    9:19   0:00   1:58 
Jason Demers             0  1  1   1  0   1  1  0  0  0  0/0    20:51   2:45   2:52 
Jeff Carter              0  0  0   1  4   6  4  0  0  0  1/1    20:59   3:00   1:12 
Jeff Skinner             0  0  0   0  0   2  0  0  0  0  0/1    13:41   0:14   1:50 
Joonas Donskoi           0  0  0   0  0   2  0  1  0  0  0/0     7:21   0:00   0:00 
Kevin Shattenkirk        0  1  1   1  0   0  0  2  0  0  0/0    23:51   3:18   3:13 
Logan Couture            0  1  1   1  0   3  0  0  0  0  1/1    19:49   3:00   0:00 
Luca Sbisa               0  0  0   0  2   1  3  1  0  0  0/0    15:17   0:00   0:00 
Matt Martin              0  0  0   0  0   0  0  0  0  0  1/1     7:22   0:00   0:01 
Patrice Bergeron         0  1  1   1  0   0  1  0  0  0  13/24  19:01   2:12   0:00 
Pierre-Edouard Bellemare 0  0  0   1  0   1  0  1  0  0  4/8    15:34   0:16   3:41 
Travis Zajac             0  0  0   0  2   1  0  0  0  0  9/17   12:42   0:37   0:00 
Trevor Daley             0  0  0   0  0   1  0  0  0  0  0/0    15:18   0:00   0:00 
Zack Kassian             0  0  0   0  0   4  2  0  0  0  0/3    14:52   2:47   0:00 

Players Stats for Sabres

Player Name              G  A  P  +/- PIM S  H  SB GA TA FO     MP     PP MP  PK MP  
------------------------------------------------------------------------------------
Adam Pelech              0  0  0   0  0   0  3  2  0  0  0/0    16:19   0:00   2:55 
Alec Martinez            0  0  0   0  0   0  1  2  0  0  0/0    16:19   0:00   2:55 
Erik Gustafsson          1  0  1   0  0   3  2  2  0  0  0/0    21:31   3:03   0:00 
Jimmy Vesey              0  0  0   0  0   0  0  0  0  0  0/0     3:46   0:00   0:00 
Jonathan Drouin          0  0  0   0  0   3  0  0  0  0  0/1    12:26   0:00   0:54 
Kevin Fiala              0  0  0  -1  0   0  0  0  0  0  1/5    19:41   3:00   0:00 
Kris Letang              0  1  1   0  0   2  0  5  0  0  0/0    24:39   3:03   3:08 
Lars Eller               0  0  0   0  0   2  0  1  0  0  13/18  13:01   0:00   1:29 
Leon Draisaitl           0  0  0  -1  0   6  1  0  0  0  8/24   20:59   3:00   1:18 
Luke Glendening          0  0  0   0  4   2  1  0  0  0  3/6    13:47   0:00   2:17 
Michael Grabner          0  0  0   0  0   0  0  0  0  0  1/1     5:15   0:00   1:29 
Nic Dowd                 0  0  0   0  2   0  1  1  0  0  1/1     6:12   0:00   2:27 
Nikolaj Ehlers           0  0  0  -1  0   0  3  0  0  0  0/1    18:58   3:05   0:00 
Rasmus Dahlin            0  0  0  -2  2   0  1  0  0  0  0/0    19:01   3:02   0:00 
Rasmus Ristolainen       0  0  0  -2  0   1  2  4  0  0  0/0    22:10   3:02   3:08 
Ryan Nugent-Hopkins      0  1  1  -1  0   1  2  0  0  0  2/4    21:53   3:00   2:12 
Tyler Seguin             0  0  0  -1  0   3  4  0  0  0  20/30  18:58   3:05   0:00 
Victor Olofsson          0  0  0  -1  0   2  0  0  0  0  0/2    18:58   3:05   0:00 

3 Stars

1 - Erik Gudbranson (TBL)
2 - Elvis Merzlikins (TBL)
3 - Alex Killorn (TBL)

Power Play

Lightning - 1 on 4 Attempt(s) - 25,00%
Sabres - 1 on 4 Attempt(s) - 25,00%

Penalty Kill

Lightning - 3 on 4 Attempt(s) - 75,00% - Score 1 goal in Penalty Kill
Sabres - 3 on 4 Attempt(s) - 75,00% - Score 0 goal in Penalty Kill

Team Stat

Lightning - Hits : 18 - Faceoff Wins : 44 - Blocked Shots : 10 - Penalty Minutes : 8
Sabres - Hits : 21 - Faceoff Wins : 49 - Blocked Shots : 17 - Penalty Minutes : 8

Official

Referees : Brad Meier and Andrew Howard
Linesman : Dennis Urban and Stephen Drain

Game Notes

Alex Killorn is injured at 18:59 of 3rd period (Sprained Left Ankle)

% Time on Ice - Lightning

Lines # - Real PCT - Wanted PCT - Time Play
Normal Forward
1 - 35% - 40% - 16:49
2 - 25% - 30% - 12:05
3 - 24% - 20% - 11:37
4 - 15% - 10% - 7:21
Normal Defense
1 - 34% - 40% - 16:22
2 - 32% - 30% - 15:14
3 - 32% - 20% - 15:18
4 - 2% - 10% - 0:58
PP Forward
1 - 54% - 60% - 3:16
2 - 46% - 40% - 2:47
PP Defense
1 - 55% - 60% - 3:18
2 - 45% - 40% - 2:45
PK Forward
1 - 68% - 60% - 4:07
2 - 32% - 40% - 1:58
PK Defense
1 - 53% - 60% - 3:13
2 - 47% - 40% - 2:52
PK3 Forward
1 - 0% - 60%
2 - 0% - 40%
PK3 Defense
1 - 0% - 60%
2 - 0% - 40%
44 Forward
1 - 0% - 60%
2 - 0% - 40%
44 Defense
1 - 0% - 60%
2 - 0% - 40%
Last Minute Offensive  - 0:00
Last Minute Defensive  - 0:00
Total
Forward - 60:00
Defense - 60:00

% Time on Ice - Sabres

Lines # - Real PCT - Wanted PCT - Time Play
Normal Forward
1 - 35% - 40% - 16:41
2 - 33% - 35% - 15:53
3 - 24% - 20% - 11:32
4 - 8% - 5% - 3:46
Normal Defense
1 - 39% - 40% - 18:28
2 - 33% - 35% - 16:00
3 - 28% - 20% - 13:24
4 - 0% - 5% - 0:00
PP Forward
1 - 49% - 60% - 3:00
2 - 51% - 40% - 3:05
PP Defense
1 - 50% - 60% - 3:03
2 - 50% - 40% - 3:02
PK Forward
1 - 75% - 60% - 4:34
2 - 25% - 40% - 1:29
PK Defense
1 - 52% - 60% - 3:08
2 - 48% - 40% - 2:55
PK3 Forward
1 - 0% - 60%
2 - 0% - 40%
PK3 Defense
1 - 0% - 60%
2 - 0% - 40%
44 Forward
1 - 0% - 60%
2 - 0% - 40%
44 Defense
1 - 0% - 60%
2 - 0% - 40%
Last Minute Offensive  - 0:00
Last Minute Defensive  - 0:00
Total
Forward - 60:00
Defense - 60:00

Play-by-Play

1st period


0:01 of 1st period - Patrice Bergeron wins face-off versus Leon Draisaitl in neutral zone.
0:03 of 1st period - Off-side.
0:04 of 1st period - Tyler Seguin wins face-off versus Bo Horvat in neutral zone.
0:37 of 1st period - Shot by Alex Killorn.
0:37 of 1st period - Deflect By Bo Horvat.
0:37 of 1st period - Shot Blocked by Rasmus Ristolainen.
0:39 of 1st period - Shot by Zack Kassian.
0:39 of 1st period - Stopped by Matt Murray without a rebound.
0:40 of 1st period - Patrice Bergeron wins face-off versus Kevin Fiala in Sabres zone.
1:03 of 1st period - Shot by Erik Gustafsson.
1:03 of 1st period - Stopped by Elvis Merzlikins without a rebound.
1:04 of 1st period - Lars Eller wins face-off versus Travis Zajac in Lightning zone.
1:07 of 1st period - Shot by Luke Glendening.
1:07 of 1st period - Shot Blocked by Luca Sbisa.
1:09 of 1st period - Shot by Lars Eller.
1:09 of 1st period - Stopped by Elvis Merzlikins without a rebound.
1:10 of 1st period - Lars Eller wins face-off versus Travis Zajac in Lightning zone.
1:33 of 1st period - Shot by Travis Zajac.
1:33 of 1st period - Shot Blocked by Lars Eller.
1:35 of 1st period - Shot by Luca Sbisa.
1:35 of 1st period - Shot Blocked by Adam Pelech.
1:37 of 1st period - Shot by Travis Zajac.
1:37 of 1st period - Shot Misses the Net.
1:41 of 1st period - Shot by Jeff Skinner.
1:41 of 1st period - Shot Blocked by Alec Martinez.
1:43 of 1st period - Shot by Pierre-Edouard Bellemare.
1:43 of 1st period - Stopped by Matt Murray without a rebound.
1:44 of 1st period - Patrice Bergeron wins face-off versus Leon Draisaitl in Sabres zone.
2:17 of 1st period - Shot by Patrice Bergeron.
2:17 of 1st period - Shot Misses the Net.
2:44 of 1st period - Off-side.
2:45 of 1st period - Tyler Seguin wins face-off versus Bo Horvat in neutral zone.
3:01 of 1st period - Shot by Bo Horvat.
3:01 of 1st period - Deflect By Zack Kassian.
3:01 of 1st period - Shot Misses the Net.
3:13 of 1st period - Shot by Zack Kassian.
3:13 of 1st period - Stopped by Matt Murray without a rebound.
3:14 of 1st period - Nic Dowd wins face-off versus Frederik Gauthier in Sabres zone.
3:39 of 1st period - Icing by Erik Gudbranson.
3:40 of 1st period - Lars Eller wins face-off versus Frederik Gauthier in Lightning zone.
3:50 of 1st period - Icing by Jason Demers.
3:51 of 1st period - Tyler Seguin wins face-off versus Frederik Gauthier in Lightning zone.
3:52 of 1st period - Shot by Kris Letang.
3:52 of 1st period - Stopped by Elvis Merzlikins with a rebound.
5:13 of 1st period - Icing by Leon Draisaitl.
5:14 of 1st period - Leon Draisaitl wins face-off versus Bo Horvat in Sabres zone.
5:43 of 1st period - Shot by Bo Horvat.
5:43 of 1st period - Stopped by Matt Murray without a rebound.
5:44 of 1st period - Lars Eller wins face-off versus Travis Zajac in Sabres zone.
6:09 of 1st period - Shot by Luke Glendening.
6:09 of 1st period - Stopped by Elvis Merzlikins without a rebound.
6:10 of 1st period - Tyler Seguin wins face-off versus Frederik Gauthier in Lightning zone.
6:17 of 1st period - Shot by Tyler Seguin.
6:17 of 1st period - Shot Misses the Net.
6:19 of 1st period - Shot by Victor Olofsson.
6:19 of 1st period - Deflect By Tyler Seguin.
6:19 of 1st period - Shot Blocked by Kevin Shattenkirk.
6:21 of 1st period - Shot by Tyler Seguin.
6:21 of 1st period - Shot Blocked by Joonas Donskoi.
6:23 of 1st period - Shot by Tyler Seguin.
6:23 of 1st period - Shot Misses the Net.
6:25 of 1st period - Shot by Tyler Seguin.
6:25 of 1st period - Stopped by Elvis Merzlikins without a rebound.
6:26 of 1st period - Michael Grabner wins face-off versus Patrice Bergeron in Lightning zone.
6:34 of 1st period - Minor Penalty to Nic Dowd for Hooking.
6:35 of 1st period - Luke Glendening wins face-off versus Bo Horvat in Sabres zone.
6:46 of 1st period - Alec Martinez is hit by Jeff Carter and loses puck.
7:12 of 1st period - Shot by Logan Couture.
7:12 of 1st period - Shot Blocked by Rasmus Ristolainen.
7:32 of 1st period - Shot by Erik Gudbranson.
7:32 of 1st period - Stopped by Matt Murray without a rebound.
7:33 of 1st period - Patrice Bergeron wins face-off versus Luke Glendening in Sabres zone.
7:39 of 1st period - Alex Killorn is hit by Rasmus Ristolainen and loses puck.
8:12 of 1st period - Shot by Alex Killorn.
8:12 of 1st period - Shot Misses the Net.
8:32 of 1st period - Shot by Jeff Carter.
8:32 of 1st period - Stopped by Matt Murray without a rebound.
8:33 of 1st period - Luke Glendening wins face-off versus Bo Horvat in Sabres zone.
9:43 of 1st period - Icing by Rasmus Dahlin.
9:44 of 1st period - Patrice Bergeron wins face-off versus Leon Draisaitl in Sabres zone.
9:49 of 1st period - Shot by Patrice Bergeron.
9:49 of 1st period - Shot Misses the Net.
9:51 of 1st period - Shot by Erik Gudbranson.
9:51 of 1st period - Goal by Erik Gudbranson - Lightning : 1 - Sabres : 0.
9:52 of 1st period - Patrice Bergeron wins face-off versus Lars Eller in neutral zone.
9:57 of 1st period - Shot by Logan Couture.
9:57 of 1st period - Deflect By Jeff Carter.
9:57 of 1st period - Shot Misses the Net.
10:17 of 1st period - Shot by Jonathan Drouin.
10:17 of 1st period - Shot Blocked by Alexander Edler.
10:27 of 1st period - Shot by Lars Eller.
10:27 of 1st period - Shot Misses the Net.
10:29 of 1st period - Shot by Lars Eller.
10:29 of 1st period - Shot Blocked by Kevin Shattenkirk.
10:31 of 1st period - Shot by Luke Glendening.
10:31 of 1st period - Shot Misses the Net.
10:59 of 1st period - Off-side.
11:00 of 1st period - Tyler Seguin wins face-off versus Frederik Gauthier in neutral zone.
11:19 of 1st period - Kris Letang is hit by Luca Sbisa.
11:25 of 1st period - Shot by Victor Olofsson.
11:25 of 1st period - Stopped by Elvis Merzlikins with a rebound.
11:51 of 1st period - Shot by Alex Killorn.
11:51 of 1st period - Shot Misses the Net.
11:53 of 1st period - Shot by Zack Kassian.
11:53 of 1st period - Shot Hit the Post.
12:18 of 1st period - Icing by Jason Demers.
12:19 of 1st period - Leon Draisaitl wins face-off versus Bo Horvat in Lightning zone.
12:26 of 1st period - Shot by Alex Killorn.
12:26 of 1st period - Stopped by Matt Murray without a rebound.
12:27 of 1st period - Leon Draisaitl wins face-off versus Patrice Bergeron in Sabres zone.
12:32 of 1st period - Shot by Ryan Nugent-Hopkins.
12:32 of 1st period - Shot Blocked by Alexander Edler.
12:34 of 1st period - Shot by Leon Draisaitl.
12:34 of 1st period - Shot Misses the Net.
12:36 of 1st period - Shot by Kevin Fiala.
12:36 of 1st period - Shot Misses the Net.
14:17 of 1st period - Shot by Lars Eller.
14:17 of 1st period - Deflect By Luke Glendening.
14:17 of 1st period - Shot Misses the Net.
14:23 of 1st period - Shot by Bo Horvat.
14:23 of 1st period - Deflect By Zack Kassian.
14:23 of 1st period - Stopped by Matt Murray without a rebound.
14:24 of 1st period - Tyler Seguin wins face-off versus Frederik Gauthier in Sabres zone.
14:29 of 1st period - Shot by Kevin Shattenkirk.
14:29 of 1st period - Shot Misses the Net.
14:39 of 1st period - Shot by Victor Olofsson.
14:39 of 1st period - Shot Misses the Net.
14:59 of 1st period - Shot by Joonas Donskoi.
14:59 of 1st period - Stopped by Matt Murray with a rebound.
15:06 of 1st period - Icing by Erik Gustafsson.
15:07 of 1st period - Tyler Seguin wins face-off versus Patrice Bergeron in Sabres zone.
15:53 of 1st period - Alec Martinez is hit by Jeff Carter and loses puck.
16:28 of 1st period - Shot by Alex Killorn.
16:28 of 1st period - Deflect By Bo Horvat.
16:28 of 1st period - Stopped by Matt Murray without a rebound.
16:29 of 1st period - Travis Zajac wins face-off versus Leon Draisaitl in Sabres zone.
16:35 of 1st period - Icing by Rasmus Dahlin.
16:36 of 1st period - Travis Zajac wins face-off versus Kevin Fiala in Sabres zone.
17:06 of 1st period - Minor Penalty to Travis Zajac for Tripping.
17:07 of 1st period - Pierre-Edouard Bellemare wins face-off versus Victor Olofsson in Lightning zone.
17:07 of 1st period - Pierre-Edouard Bellemare is hit by Tyler Seguin.
17:18 of 1st period - Icing by Kris Letang.
17:19 of 1st period - Pierre-Edouard Bellemare wins face-off versus Tyler Seguin in Sabres zone.
17:24 of 1st period - Shot by Alex Killorn.
17:24 of 1st period - Shot Misses the Net.
17:30 of 1st period - Alex Killorn is hit by Tyler Seguin and loses puck.
17:35 of 1st period - Shot by Kris Letang.
17:35 of 1st period - Shot Blocked by Erik Gudbranson.
17:37 of 1st period - Shot by Tyler Seguin.
17:37 of 1st period - Shot Misses the Net.
17:39 of 1st period - Shot by Kris Letang.
17:39 of 1st period - Stopped by Elvis Merzlikins without a rebound.
17:40 of 1st period - Leon Draisaitl wins face-off versus Jeff Skinner in Lightning zone.
17:43 of 1st period - Shot by Rasmus Ristolainen.
17:43 of 1st period - Stopped by Elvis Merzlikins with a rebound.
18:10 of 1st period - Off-side.
18:11 of 1st period - Tyler Seguin wins face-off versus Pierre-Edouard Bellemare in neutral zone.
18:38 of 1st period - Shot by Victor Olofsson.
18:38 of 1st period - Stopped by Elvis Merzlikins without a rebound.
18:39 of 1st period - Kevin Fiala wins face-off versus Pierre-Edouard Bellemare in Lightning zone.
18:39 of 1st period - Kevin Fiala is hit by Jason Demers.
18:45 of 1st period - Shot by Rasmus Dahlin.
18:45 of 1st period - Deflect By Leon Draisaitl.
18:45 of 1st period - Stopped by Elvis Merzlikins with a rebound.
19:15 of 1st period - Alec Martinez is hit by Jeff Carter and loses puck.
19:33 of 1st period - Michael Grabner is hit by Luca Sbisa and loses puck.
Goals for this period are 1 for Lightning vs 0 for Sabres.
Shots for this period are 11 for Lightning vs 10 for Sabres.

2nd period


0:01 of 2nd period - Bo Horvat wins face-off versus Kevin Fiala in neutral zone.
0:06 of 2nd period - Shot by Bo Horvat.
0:06 of 2nd period - Stopped by Matt Murray without a rebound.
0:07 of 2nd period - Leon Draisaitl wins face-off versus Bo Horvat in Sabres zone.
0:09 of 2nd period - Icing by Kris Letang.
0:10 of 2nd period - Bo Horvat wins face-off versus Leon Draisaitl in Sabres zone.
0:19 of 2nd period - Shot by Zack Kassian.
0:19 of 2nd period - Stopped by Matt Murray without a rebound.
0:20 of 2nd period - Patrice Bergeron wins face-off versus Tyler Seguin in Sabres zone.
0:32 of 2nd period - Logan Couture is hit by Nikolaj Ehlers and loses puck.
0:41 of 2nd period - Shot by Jeff Carter.
0:41 of 2nd period - Shot Misses the Net.
0:43 of 2nd period - Shot by Logan Couture.
0:43 of 2nd period - Shot Misses the Net.
0:45 of 2nd period - Shot by Kevin Shattenkirk.
0:45 of 2nd period - Shot Misses the Net.
0:47 of 2nd period - Shot by Jeff Carter.
0:47 of 2nd period - Stopped by Matt Murray without a rebound.
0:48 of 2nd period - Leon Draisaitl wins face-off versus Bo Horvat in Sabres zone.
1:03 of 2nd period - Shot by Bo Horvat.
1:03 of 2nd period - Stopped by Matt Murray with a rebound.
1:09 of 2nd period - Shot by Leon Draisaitl.
1:09 of 2nd period - Stopped by Elvis Merzlikins without a rebound.
1:10 of 2nd period - Lars Eller wins face-off versus Travis Zajac in Lightning zone.
1:14 of 2nd period - Icing by Alexander Edler.
1:15 of 2nd period - Tyler Seguin wins face-off versus Travis Zajac in Lightning zone.
2:21 of 2nd period - Shot by Jeff Carter.
2:21 of 2nd period - Stopped by Matt Murray without a rebound.
2:22 of 2nd period - Lars Eller wins face-off versus Bo Horvat in Sabres zone.
2:22 of 2nd period - Lars Eller is hit by Zack Kassian.
2:25 of 2nd period - Minor Penalty to Luke Glendening for Tripping.
2:26 of 2nd period - Logan Couture wins face-off versus Ryan Nugent-Hopkins in Sabres zone.
2:27 of 2nd period - Shot by Jason Demers.
2:27 of 2nd period - Shot Blocked by Alec Martinez.
2:29 of 2nd period - Shot by Jason Demers.
2:29 of 2nd period - Shot Blocked by Nic Dowd.
2:31 of 2nd period - Shot by Erik Gudbranson.
2:31 of 2nd period - Goal by Erik Gudbranson - Lightning : 2 - Sabres : 0.
2:32 of 2nd period - Patrice Bergeron wins face-off versus Leon Draisaitl in neutral zone.
3:02 of 2nd period - Shot by Patrice Bergeron.
3:02 of 2nd period - Shot Blocked by Kris Letang.
3:37 of 2nd period - Icing by Jeff Carter.
3:38 of 2nd period - Lars Eller wins face-off versus Patrice Bergeron in Lightning zone.
3:43 of 2nd period - Shot by Lars Eller.
3:43 of 2nd period - Shot Misses the Net.
3:49 of 2nd period - Shot by Jonathan Drouin.
3:49 of 2nd period - Stopped by Elvis Merzlikins without a rebound.
3:50 of 2nd period - Bo Horvat wins face-off versus Tyler Seguin in Lightning zone.
4:05 of 2nd period - Shot by Tyler Seguin.
4:05 of 2nd period - Stopped by Elvis Merzlikins without a rebound.
4:06 of 2nd period - Lars Eller wins face-off versus Travis Zajac in Lightning zone.
5:02 of 2nd period - Icing by Kris Letang.
5:03 of 2nd period - Frederik Gauthier wins face-off versus Lars Eller in Sabres zone.
5:05 of 2nd period - Joonas Donskoi is hit by Erik Gustafsson and loses puck.
5:34 of 2nd period - Shot by Leon Draisaitl.
5:34 of 2nd period - Stopped by Elvis Merzlikins without a rebound.
5:35 of 2nd period - Tyler Seguin wins face-off versus Zack Kassian in Lightning zone.
7:47 of 2nd period - Shot by Michael Grabner.
7:47 of 2nd period - Shot Misses the Net.
8:39 of 2nd period - Shot by Jeff Skinner.
8:39 of 2nd period - Stopped by Matt Murray without a rebound.
8:40 of 2nd period - Tyler Seguin wins face-off versus Bo Horvat in Sabres zone.
8:51 of 2nd period - Erik Gudbranson is hit by Nikolaj Ehlers and loses puck.
9:08 of 2nd period - Shot by Alex Killorn.
9:08 of 2nd period - Stopped by Matt Murray without a rebound.
9:08 of 2nd period - Minor Penalty to Rasmus Dahlin for Hooking.
9:09 of 2nd period - Travis Zajac wins face-off versus Luke Glendening in Sabres zone.
9:57 of 2nd period - Shot by Bo Horvat.
9:57 of 2nd period - Stopped by Matt Murray without a rebound.
9:58 of 2nd period - Luke Glendening wins face-off versus Bo Horvat in Sabres zone.
9:58 of 2nd period - Luke Glendening is hit by Bo Horvat.
10:22 of 2nd period - Shot by Bo Horvat.
10:22 of 2nd period - Shot Blocked by Kris Letang.
10:26 of 2nd period - Shot by Bo Horvat.
10:26 of 2nd period - Stopped by Matt Murray with a rebound.
10:38 of 2nd period - Icing by Alexander Edler.
10:39 of 2nd period - Lars Eller wins face-off versus Zack Kassian in Lightning zone.
11:43 of 2nd period - Shot by Joonas Donskoi.
11:43 of 2nd period - Shot Misses the Net.
13:03 of 2nd period - Icing by Pierre-Edouard Bellemare.
13:04 of 2nd period - Lars Eller wins face-off versus Travis Zajac in Lightning zone.
14:14 of 2nd period - Shot by Alex Killorn.
14:14 of 2nd period - Shot Misses the Net.
14:16 of 2nd period - Shot by Alex Killorn.
14:16 of 2nd period - Shot Misses the Net.
14:21 of 2nd period - Alex Killorn is hit by Alec Martinez and loses puck.
14:32 of 2nd period - Luca Sbisa is hit by Nic Dowd and loses puck.
14:51 of 2nd period - Shot by Trevor Daley.
14:51 of 2nd period - Stopped by Matt Murray without a rebound.
14:52 of 2nd period - Frederik Gauthier wins face-off versus Leon Draisaitl in Sabres zone.
16:11 of 2nd period - Shot by Logan Couture.
16:11 of 2nd period - Stopped by Matt Murray without a rebound.
16:12 of 2nd period - Bo Horvat wins face-off versus Nikolaj Ehlers in Sabres zone.
16:49 of 2nd period - Icing by Kevin Shattenkirk.
16:50 of 2nd period - Bo Horvat wins face-off versus Lars Eller in Lightning zone.
17:20 of 2nd period - Minor Penalty to Jeff Carter for Tripping.
17:21 of 2nd period - Tyler Seguin wins face-off versus Pierre-Edouard Bellemare in Lightning zone.
17:21 of 2nd period - Tyler Seguin is hit by Erik Gudbranson.
18:37 of 2nd period - Shot by Kris Letang.
18:37 of 2nd period - Shot Blocked by Pierre-Edouard Bellemare.
18:56 of 2nd period - Icing by Tyler Seguin.
18:57 of 2nd period - Frederik Gauthier wins face-off versus Tyler Seguin in Sabres zone.
19:25 of 2nd period - Icing by Lars Eller.
19:26 of 2nd period - Patrice Bergeron wins face-off versus Jonathan Drouin in Sabres zone.
19:26 of 2nd period - Jeff Carter is hit by Adam Pelech and loses puck.
19:40 of 2nd period - Minor Penalty to Luke Glendening for Goalie Interference.
19:41 of 2nd period - Ryan Nugent-Hopkins wins face-off versus Bo Horvat in Sabres zone.
19:54 of 2nd period - Shot by Bo Horvat.
19:54 of 2nd period - Shot Misses the Net.
19:56 of 2nd period - Shot by Logan Couture.
19:56 of 2nd period - Stopped by Matt Murray without a rebound.
19:57 of 2nd period - Ryan Nugent-Hopkins wins face-off versus Patrice Bergeron in Sabres zone.
Goals for this period are 1 for Lightning vs 0 for Sabres.
Shots for this period are 13 for Lightning vs 4 for Sabres.

3rd period


0:01 of 3rd period - Bo Horvat wins face-off versus Ryan Nugent-Hopkins in neutral zone.
0:24 of 3rd period - Shot by Bo Horvat.
0:24 of 3rd period - Shot Blocked by Kris Letang.
0:36 of 3rd period - Shot by Alexander Edler.
0:36 of 3rd period - Shot Misses the Net.
1:18 of 3rd period - Shot by Zack Kassian.
1:18 of 3rd period - Shot Blocked by Adam Pelech.
1:50 of 3rd period - Shot by Jeff Skinner.
1:50 of 3rd period - Stopped by Matt Murray without a rebound.
1:51 of 3rd period - Frederik Gauthier wins face-off versus Victor Olofsson in Sabres zone.
1:52 of 3rd period - Shot by Joonas Donskoi.
1:52 of 3rd period - Shot Blocked by Rasmus Ristolainen.
1:54 of 3rd period - Shot by Joonas Donskoi.
1:54 of 3rd period - Stopped by Matt Murray without a rebound.
1:55 of 3rd period - Travis Zajac wins face-off versus Tyler Seguin in Sabres zone.
2:06 of 3rd period - Pierre-Edouard Bellemare is hit by Tyler Seguin and loses puck.
2:08 of 3rd period - Minor Penalty to Luca Sbisa for Hooking.
2:09 of 3rd period - Leon Draisaitl wins face-off versus Pierre-Edouard Bellemare in Lightning zone.
2:10 of 3rd period - Shot by Kris Letang.
2:10 of 3rd period - Shot Misses the Net.
2:12 of 3rd period - Shot by Leon Draisaitl.
2:12 of 3rd period - Shot Blocked by Alexander Edler.
2:43 of 3rd period - Shot by Erik Gustafsson.
2:43 of 3rd period - Stopped by Elvis Merzlikins without a rebound.
2:44 of 3rd period - Tyler Seguin wins face-off versus Frederik Gauthier in Lightning zone.
3:35 of 3rd period - Shot by Alex Killorn.
3:35 of 3rd period - Goal by Alex Killorn - Lightning : 3 - Sabres : 0.
3:36 of 3rd period - Pierre-Edouard Bellemare wins face-off versus Leon Draisaitl in neutral zone.
3:51 of 3rd period - Shot by Erik Gustafsson.
3:51 of 3rd period - Goal by Erik Gustafsson - Lightning : 3 - Sabres : 1.
3:52 of 3rd period - Lars Eller wins face-off versus Patrice Bergeron in neutral zone.
3:54 of 3rd period - Alec Martinez is hit by Luca Sbisa and loses puck.
4:23 of 3rd period - Shot by Lars Eller.
4:23 of 3rd period - Stopped by Elvis Merzlikins without a rebound.
4:24 of 3rd period - Bo Horvat wins face-off versus Leon Draisaitl in Lightning zone.
4:29 of 3rd period - Shot by Leon Draisaitl.
4:29 of 3rd period - Stopped by Elvis Merzlikins without a rebound.
4:30 of 3rd period - Leon Draisaitl wins face-off versus Bo Horvat in Lightning zone.
4:46 of 3rd period - Icing by Alexander Edler.
4:47 of 3rd period - Tyler Seguin wins face-off versus Zack Kassian in Lightning zone.
5:15 of 3rd period - Shot by Tyler Seguin.
5:15 of 3rd period - Shot Misses the Net.
5:38 of 3rd period - Shot by Jason Demers.
5:38 of 3rd period - Shot Hit the Post.
5:40 of 3rd period - Shot by Jeff Carter.
5:40 of 3rd period - Shot Misses the Net.
6:08 of 3rd period - Off-side.
6:09 of 3rd period - Travis Zajac wins face-off versus Leon Draisaitl in neutral zone.
6:16 of 3rd period - Shot by Travis Zajac.
6:16 of 3rd period - Stopped by Matt Murray without a rebound.
6:17 of 3rd period - Travis Zajac wins face-off versus Leon Draisaitl in Sabres zone.
6:46 of 3rd period - Shot by Leon Draisaitl.
6:46 of 3rd period - Shot Misses the Net.
7:45 of 3rd period - Shot by Jonathan Drouin.
7:45 of 3rd period - Shot Misses the Net.
8:24 of 3rd period - Shot by Jeff Carter.
8:24 of 3rd period - Stopped by Matt Murray without a rebound.
8:25 of 3rd period - Bo Horvat wins face-off versus Tyler Seguin in Sabres zone.
8:38 of 3rd period - Shot by Tyler Seguin.
8:38 of 3rd period - Stopped by Elvis Merzlikins without a rebound.
8:39 of 3rd period - Frederik Gauthier wins face-off versus Leon Draisaitl in Lightning zone.
9:01 of 3rd period - Shot by Frederik Gauthier.
9:01 of 3rd period - Stopped by Matt Murray with a rebound.
9:03 of 3rd period - Shot by Alexander Edler.
9:03 of 3rd period - Shot Misses the Net.
9:05 of 3rd period - Shot by Frederik Gauthier.
9:05 of 3rd period - Shot Blocked by Erik Gustafsson.
9:07 of 3rd period - Shot by Matt Martin.
9:07 of 3rd period - Deflect By Frederik Gauthier.
9:07 of 3rd period - Shot Blocked by Erik Gustafsson.
9:43 of 3rd period - Shot by Patrice Bergeron.
9:43 of 3rd period - Shot Misses the Net.
9:48 of 3rd period - Jeff Carter is hit by Rasmus Ristolainen and loses puck.
9:53 of 3rd period - Shot by Logan Couture.
9:53 of 3rd period - Deflect By Patrice Bergeron.
9:53 of 3rd period - Shot Misses the Net.
9:55 of 3rd period - Shot by Patrice Bergeron.
9:55 of 3rd period - Shot Blocked by Rasmus Ristolainen.
9:57 of 3rd period - Shot by Jeff Carter.
9:57 of 3rd period - Stopped by Matt Murray without a rebound.
9:58 of 3rd period - Lars Eller wins face-off versus Bo Horvat in Sabres zone.
9:58 of 3rd period - Lars Eller is hit by Zack Kassian.
10:07 of 3rd period - Lars Eller is hit by Alexander Edler and loses puck.
10:27 of 3rd period - Alex Killorn is hit by Adam Pelech and loses puck.
10:43 of 3rd period - Erik Gudbranson is hit by Luke Glendening and loses puck.
10:54 of 3rd period - Shot by Erik Gudbranson.
10:54 of 3rd period - Stopped by Matt Murray without a rebound.
10:55 of 3rd period - Tyler Seguin wins face-off versus Patrice Bergeron in Sabres zone.
11:04 of 3rd period - Shot by Tyler Seguin.
11:04 of 3rd period - Shot Misses the Net.
11:10 of 3rd period - Shot by Patrice Bergeron.
11:10 of 3rd period - Shot Misses the Net.
11:12 of 3rd period - Shot by Luca Sbisa.
11:12 of 3rd period - Shot Misses the Net.
11:14 of 3rd period - Shot by Trevor Daley.
11:14 of 3rd period - Shot Misses the Net.
11:16 of 3rd period - Shot by Logan Couture.
11:16 of 3rd period - Stopped by Matt Murray without a rebound.
11:17 of 3rd period - Travis Zajac wins face-off versus Kevin Fiala in Sabres zone.
11:22 of 3rd period - Shot by Jeff Skinner.
11:22 of 3rd period - Shot Blocked by Kris Letang.
11:32 of 3rd period - Shot by Ryan Nugent-Hopkins.
11:32 of 3rd period - Shot Misses the Net.
11:34 of 3rd period - Shot by Ryan Nugent-Hopkins.
11:34 of 3rd period - Stopped by Elvis Merzlikins without a rebound.
11:35 of 3rd period - Tyler Seguin wins face-off versus Patrice Bergeron in Lightning zone.
11:35 of 3rd period - Tyler Seguin is hit by Alexander Edler.
11:48 of 3rd period - Victor Olofsson is hit by Alexander Edler and loses puck.
12:33 of 3rd period - Shot by Kevin Fiala.
12:33 of 3rd period - Shot Blocked by Erik Gudbranson.
12:45 of 3rd period - Shot by Zack Kassian.
12:45 of 3rd period - Deflect By Alex Killorn.
12:45 of 3rd period - Stopped by Matt Murray without a rebound.
12:46 of 3rd period - Lars Eller wins face-off versus Travis Zajac in Sabres zone.
13:23 of 3rd period - Shot by Travis Zajac.
13:23 of 3rd period - Shot Misses the Net.
14:05 of 3rd period - Shot by Leon Draisaitl.
14:05 of 3rd period - Stopped by Elvis Merzlikins without a rebound.
14:06 of 3rd period - Tyler Seguin wins face-off versus Patrice Bergeron in Lightning zone.
14:24 of 3rd period - Icing by Alexander Edler.
14:25 of 3rd period - Patrice Bergeron wins face-off versus Leon Draisaitl in Lightning zone.
14:25 of 3rd period - Patrice Bergeron is hit by Ryan Nugent-Hopkins.
14:31 of 3rd period - Erik Gustafsson is hit by Jeff Carter and loses puck.
15:38 of 3rd period - Shot by Alex Killorn.
15:38 of 3rd period - Stopped by Matt Murray without a rebound.
15:39 of 3rd period - Travis Zajac wins face-off versus Luke Glendening in Sabres zone.
15:42 of 3rd period - Shot by Luca Sbisa.
15:42 of 3rd period - Stopped by Matt Murray with a rebound.
15:52 of 3rd period - Shot by Jonathan Drouin.
15:52 of 3rd period - Stopped by Elvis Merzlikins without a rebound.
15:53 of 3rd period - Matt Martin wins face-off versus Tyler Seguin in Lightning zone.
15:53 of 3rd period - Matt Martin is hit by Tyler Seguin.
16:44 of 3rd period - Icing by Rasmus Ristolainen.
16:45 of 3rd period - Tyler Seguin wins face-off versus Patrice Bergeron in Sabres zone.
16:45 of 3rd period - Tyler Seguin is hit by Patrice Bergeron.
16:50 of 3rd period - Icing by Nikolaj Ehlers.
16:51 of 3rd period - Jeff Carter wins face-off versus Tyler Seguin in Sabres zone.
17:54 of 3rd period - Icing by Luca Sbisa.
17:55 of 3rd period - Bo Horvat wins face-off versus Lars Eller in Lightning zone.
18:00 of 3rd period - Shot by Jonathan Drouin.
18:00 of 3rd period - Stopped by Elvis Merzlikins without a rebound.
18:01 of 3rd period - Travis Zajac wins face-off versus Lars Eller in Lightning zone.
18:05 of 3rd period - Jeff Skinner is hit by Adam Pelech and loses puck.
18:17 of 3rd period - Luke Glendening is hit by Erik Gudbranson and loses puck.
18:26 of 3rd period - Shot by Jonathan Drouin.
18:26 of 3rd period - Shot Misses the Net.
18:28 of 3rd period - Shot by Luke Glendening.
18:28 of 3rd period - Shot Misses the Net.
18:30 of 3rd period - Shot by Luke Glendening.
18:30 of 3rd period - Stopped by Elvis Merzlikins without a rebound.
18:31 of 3rd period - Tyler Seguin wins face-off versus Patrice Bergeron in Lightning zone.
18:31 of 3rd period - Rasmus Ristolainen is hit by Alexander Edler and loses puck.
18:39 of 3rd period - Icing by Logan Couture.
18:40 of 3rd period - Patrice Bergeron wins face-off versus Leon Draisaitl in Lightning zone.
18:42 of 3rd period - Alexander Edler is hit by Leon Draisaitl.
18:45 of 3rd period - Patrice Bergeron is hit by Erik Gustafsson.
18:55 of 3rd period - Shot by Logan Couture.
18:55 of 3rd period - Deflect By Patrice Bergeron.
18:55 of 3rd period - Shot Blocked by Kris Letang.
18:57 of 3rd period - Shot by Jeff Carter.
18:57 of 3rd period - Stopped by Matt Murray without a rebound.
18:58 of 3rd period - Bo Horvat wins face-off versus Tyler Seguin in Sabres zone.
18:58 of 3rd period - Alex Killorn is hit by Rasmus Dahlin and loses puck.
18:59 of 3rd period - Alex Killorn from Lightning is injured at 18:59 of 3rd period (Sprained Left Ankle).
19:00 of 3rd period - Tyler Seguin wins face-off versus Bo Horvat in Sabres zone.
19:17 of 3rd period - Kevin Shattenkirk is hit by Nikolaj Ehlers.
19:28 of 3rd period - Icing by Kris Letang.
19:29 of 3rd period - Patrice Bergeron wins face-off versus Tyler Seguin in Sabres zone.
19:30 of 3rd period - Shot by Logan Couture.
19:30 of 3rd period - Shot Misses the Net.
19:32 of 3rd period - Shot by Jason Demers.
19:32 of 3rd period - Stopped by Matt Murray without a rebound.
19:33 of 3rd period - Patrice Bergeron wins face-off versus Leon Draisaitl in Sabres zone.
19:35 of 3rd period - Minor Penalty to Jeff Carter for Roughing.
19:36 of 3rd period - Pierre-Edouard Bellemare wins face-off versus Leon Draisaitl in Lightning zone.
19:36 of 3rd period - Alexander Edler is hit by Ryan Nugent-Hopkins and loses puck.
19:59 of 3rd period - Shot by Leon Draisaitl.
19:59 of 3rd period - Stopped by Elvis Merzlikins without a rebound.
Goals for this period are 1 for Lightning vs 1 for Sabres.
Shots for this period are 14 for Lightning vs 11 for Sabres.